Description

3 rax opener into a marine tank attack. Use good positioning for the attack on the tanks. transitions into a 3rd cc.

Replay - Maru v Scarlett: Game 2 - [ESL] Curious Minds

Build Order

Get SALT Encoding   

  12  0:00  SCV  
  13  0:12  SCV  
  14  0:16  Supply Depot  
  14  0:24  SCV  
  15  0:38  SCV  
  15  0:39  Barracks  
  16  0:43  Refinery  
  16  0:50  SCV  
  17  1:02  SCV  
  18  1:14  SCV  
  19  1:26  Barracks Reactor  
  19  1:27  Orbital Command  
  19  1:37  Command Center  
  19  1:48  Supply Depot  
  19  1:52  SCV  
  20  1:58  Barracks  
  20  2:02  Marine x2  
  20  2:04  SCV  
  23  2:15  Barracks  
  23  2:16  SCV  
  23  2:20  Marine x2  
  26  2:29  SCV  
  27  2:38  Marine x2  
  27  2:41  SCV  
  27  2:42  Refinery  
  30  2:47  Barracks Tech Lab  
  30  2:53  SCV, Orbital Command  
  30  2:56  Marine x2  
  33  3:02  Barracks Tech Lab  
  33  3:06  SCV, Marine  
  33  3:07  Stimpack  
  35  3:14  Supply Depot  
  35  3:18  SCV  
  35  3:19  Marine x2  
  34  3:25  Marine x2, Combat Shield  
  34  3:32  SCV x2  
  36  3:37  Marine x2, Supply Depot  
  38  3:43  Marine  
  38  3:44  SCV x2  
  41  3:51  Marine x2  
  42  3:56  SCV x2  
  42  4:00  Factory  
  44  4:05  Marine x2  
  44  4:08  SCV x2  
  47  4:10  Supply Depot  
  47  4:13  Marine x2  
  50  4:20  SCV x2  
  50  4:23  Marine, Engineering Bay  
  53  4:27  Supply Depot  
  53  4:32  SCV  
  53  4:34  Supply Depot  
  53  4:37  SCV  
  55  4:38  Marine x2  
  55  4:44  SCV  
  58  4:48  Factory Reactor, Starport  
  58  4:52  Terran Infantry Weapons Level 1  
  58  4:53  SCV  
  58  4:59  Refinery, SCV  
  60  5:02  Marine x2  
  60  5:05  SCV  
  63  5:07  Marine  
  63  5:09  Barracks Reactor  
  63  5:11  SCV  
  65  5:14  Supply Depot  
  65  5:17  SCV  
  65  5:20  Marine x2  
  68  5:24  SCV  
  68  5:26  Supply Depot  
  69  5:32  Medivac x2  
  69  5:33  Marine, Siege Tank  
  77  5:37  Refinery  
  77  5:38  Marine x2  
  79  5:44  SCV x2  
  79  5:47  Marine x3, Supply Depot  
  83  5:56  Marine  
  85  6:01  Marine x3  
  85  6:02  Medivac  
  88  6:05  Siege Tank  
  88  6:08  Medivac  
  88  6:09  Supply Depot  
  88  6:10  Marine  
  96  6:15  Marine  
  97  6:25  Command Center  
  97  6:28  SCV  
  98  6:40  Siege Tank  
  98  6:44  Marine x3  
  104  6:50  Supply Depot  
  104  6:51  Marine x2  
  104  6:52  Medivac  
  108  7:07  Marine x2  
  110  7:11  Medivac  
  110  7:15  SCV x2  
  113  7:16  Barracks x2  
  110  7:26  Marine x5  
  110  7:27  SCV x2  
  107  7:36  Armory  
  108  7:41  Engineering Bay  
Spawning Tool Build Advisor. Get it on Overwolf

Go to:

Details

  • Created by: lucahecker
  • Published on: Feb 27, 2022
  • Modified on: Feb 27, 2022
  • Patch: 4.11.0
  • Difficulty: Hard
Show
View Real Time Build Order
Export as new Build Order

Comments (0)

There are no comments. Be the first!

Create an account to comment!